[Event "ICC tourney 2838 (30 10)"]
[Site "Internet Chess Club"]
[Date "2022.02.27"]
[Round "5"]
[White "GOVINDARAJULA, PRANAY SIDDHARTH:K06-17345554"]
[Black "JAIN, PARINYA:StockAlpha2020"]
[Result "1-0"]
[ICCResult "Black checkmated"]
[WhiteElo "1543"]
[BlackElo "1478"]
[Opening "Catalan: closed"]
[ECO "E01"]
[NIC "QP.08"]
[Time "21:00:27"]
[PlyCount "105"]
[TimeControl "1800+10"]

1. d4 d5 2. c4 e6 3. g3 Nf6 4. Bg2 c6 5. Nf3 Bb4+ 6. Bd2 Bxd2+ 7. Nbxd2 O-O
8. O-O Nbd7 9. Qc2 Qc7 10. e4 Nxe4 11. Nxe4 dxe4 12. Qxe4 Nf6 13. Qc2 Rd8
14. Rfd1 Bd7 15. Ne5 Rac8 16. c5 Nd5 17. Be4 Nf6 18. Nc4 b6 19. Nd6 Rb8 20.
a3 Nxe4 21. Qxe4 bxc5 22. dxc5 Rxb2 23. Qe5 Rdb8 24. Nxf7 Qxe5 25. Nxe5 Be8
26. Rd6 Re2 27. Rxe6 Reb2 28. Re1 Rb1 29. Rxb1 Rxb1+ 30. Kg2 Kf8 31. Nxc6
Bd7 32. Rd6 Bf5 33. Nd4 Be4+ 34. f3 Rb2+ 35. Kh3 Bg6 36. c6 Ke7 37. c7 Rc2
38. Nxc2 Bf5+ 39. g4 Kxd6 40. gxf5 Kxc7 41. Kg4 Kd6 42. Nd4 Kc5 43. Ne6+ Kc4
44. Nxg7 Kb3 45. f6 Kxa3 46. f7 Kb3 47. f8=Q a5 48. Qf7+ Kb4 49. Kf4 a4 50.
Ke4 a3 51. Kd4 Ka4 52. Kc4 Ka5 53. Qa7# {Black checkmated} 1-0

[Event "ICC tourney 2838 (30 10)"]
[Site "Internet Chess Club"]
[Date "2022.02.27"]
[Round "5"]
[White "Renderer, Winslow Scott:BEASTMODE1"]
[Black "HAMLETT, JAMES MORRISON:Hamlett144"]
[Result "1-0"]
[ICCResult "Black resigns"]
[WhiteElo "1577"]
[BlackElo "1216"]
[Opening "King's Indian: Zinnowitz variation"]
[ECO "A53"]
[NIC "OI.04"]
[Time "21:00:29"]
[PlyCount "90"]
[TimeControl "1800+10"]

1. d4 Nf6 2. c4 d6 3. Nc3 g6 4. Bg5 Bg7 5. Nf3 O-O 6. e4 Nbd7 7. Bd3 e5 8.
d5 Nc5 9. Bc2 h6 10. Be3 b6 11. b4 Nb7 12. Qd2 Ng4 13. Nd1 Nxe3 14. Nxe3 g5
15. h4 g4 16. Ng1 Qf6 17. h5 a5 18. b5 Nc5 19. Ne2 Qg5 20. Ng3 Bd7 21. a4 f5
22. Nexf5 Bxf5 23. Qxg5 hxg5 24. Nxf5 Rxf5 25. exf5 e4 26. O-O-O Be5 27.
Rhe1 Re8 28. Kb1 Bc3 29. Re3 Bb4 30. f3 g3 31. fxe4 Nd7 32. Rxg3 Ne5 33.
Rxg5+ Kh7 34. Bb3 Nf7 35. Rg4 Ne5 36. Rf4 Rg8 37. f6 Nf7 38. Bc2 Rxg2 39.
e5+ Rxc2 40. Kxc2 dxe5 41. Rf5 Bd6 42. Rg1 Nh6 43. Rg7+ Kh8 44. Rfg5 Bf8 45.
Rxc7 Ng8 {Black resigns} 1-0

[Event "ICC tourney 2838 (30 10)"]
[Site "Internet Chess Club"]
[Date "2022.02.27"]
[Round "5"]
[White "AYYAPPAN, SANTHOSH:SanthoshA"]
[Black "GEVORGYAN, DAVIT:Davo29"]
[Result "1/2-1/2"]
[ICCResult "Game drawn by mutual agreement"]
[WhiteElo "1630"]
[BlackElo "1653"]
[Opening "QGD Slav defense: exchange variation"]
[ECO "D13"]
[NIC "SL.01"]
[Time "21:00:31"]
[PlyCount "103"]
[TimeControl "1800+10"]

1. d4 d5 2. c4 c6 3. cxd5 cxd5 4. Nc3 Nc6 5. Nf3 Nf6 6. Bg5 e6 7. e3 Be7 8.
Bd3 O-O 9. O-O Bd7 10. Rc1 Rc8 11. Re1 Na5 12. Bb1 Nc4 13. Qc2 g6 14. Bh6
Re8 15. h3 Qb6 16. b3 Na3 17. Qb2 Nxb1 18. Nxb1 Ne4 19. Ne5 Bb5 20. f3 Nf6
21. Bg5 Kg7 22. Nc3 Qa5 23. Nxb5 Qxb5 24. a4 Qa5 25. Nd3 b6 26. Ne5 Qa6 27.
Nc6 Qb7 28. Nxe7 Rxe7 29. Qf2 Rxc1 30. Rxc1 h6 31. Bxf6+ Kxf6 32. Qg3 Kg7
33. Qe5+ Kh7 34. Kf2 a5 35. Qd6 Rd7 36. Qc6 Kg7 37. Qxb7 Rxb7 38. Rc6 Kf8
39. e4 Ke7 40. exd5 exd5 41. Ke3 Kd7 42. Rc3 Rc7 43. Kd3 Rxc3+ 44. Kxc3 Ke6
45. g4 Kf6 46. f4 g5 47. f5 Ke7 48. b4 Kd6 49. bxa5 bxa5 50. Kd3 Kc6 51. Kc3
Kd6 52. Kd3 {Game drawn by mutual agreement} 1/2-1/2